| TOP OF THE 1ST |
|
Tulsa Drillers batting - Pitching for Colorado (EL) Rockies : RHP Dave Shanks
|
|
Pitching: RHP Dave Shanks
|
|
|
Batting: RHB Josh Crenwelge
|
0-0: Called Strike 0-1: Foul Ball, location: 2F 0-2: Strikes out looking
|
|
Batting: SHB Nate Kopchak
|
0-0: Fly out, F7 (Flyball, 7D, EV 80.6 MPH)
|
|
Batting: LHB Kevin Wiebe
|
0-0: Called Strike 0-1: Called Strike 0-2: Foul Ball, location: 2F 0-2: Ball 1-2: Foul Ball, location: 2F 1-2: Fly out, F8 (Flyball, 8LXD, EV 94.4 MPH)
|
| Top of the 1st over - 0 runs, 0 hits, 0 errors, 0 left on base; Tulsa 0 - Colorado (EL) 0 |
| BOTTOM OF THE 1ST |
|
Colorado (EL) Rockies batting - Pitching for Tulsa Drillers : RHP Will Lane
|
|
Pitching: RHP Will Lane
|
|
|
Batting: RHB Juan Figueroa
|
0-0: SINGLE (Groundball, 4MD, EV 97.5 MPH)
|
|
Batting: LHB Nick Martin
|
0-0: Foul Ball, location: 2F 0-1: Called Strike Juan Figueroa is caught stealing 2nd base 2-6 0-2: Strikes out swinging
|
|
Batting: RHB Doug D'Onofrio
|
0-0: Ball 1-0: Foul Ball, location: 2F 1-1: SINGLE (Groundball, 6MD, EV 96.9 MPH) (infield hit)
|
|
Batting: LHB Paul McClintock
|
0-0: Ball 1-0: Ball 2-0: Ground out U3 (Groundball, 3, EV 92.5 MPH)
|
| Bottom of the 1st over - 0 runs, 2 hits, 0 errors, 1 left on base; Tulsa 0 - Colorado (EL) 0 |
| TOP OF THE 2ND |
|
Tulsa Drillers batting - Pitching for Colorado (EL) Rockies : RHP Dave Shanks
|
|
Batting: LHB Chris Buchan
|
0-0: Ball 1-0: Foul Ball, location: 2F 1-1: Foul Ball, location: 2F 1-2: Foul Ball, location: 2F 1-2: Foul Ball, location: 2F 1-2: Foul Ball, location: 2F 1-2: SOLO HOME RUN (Line Drive, 89XD, EV 103.1 MPH), Distance : 396 ft
|
|
Batting: SHB Justin Toth
|
0-0: Hit by Pitch, AND HE CHARGES THE MOUND! The benches clear!
|
|
Pitching: LHP Rafael Lozano
|
|
|
Pinch Runner at 1st Chris Barrera:
|
|
|
Batting: RHB Marcos Villalobos
|
0-0: Called Strike 0-1: Ball 1-1: Ball 2-1: Foul Ball, location: 2F 2-2: Strikes out swinging
|
|
Batting: RHB Aaron Burress
|
0-0: Called Strike 0-1: Ball 1-1: Foul Ball, location: 2F 1-2: Foul Ball, location: 2F 1-2: Strikes out swinging
|
|
Batting: RHB Tony Rivera
|
0-0: SINGLE (Groundball, 5S, EV 61.2 MPH) (infield hit) Chris Barrera to second
|
|
Batting: RHB Kyle Garrett
|
0-0: Fly out, F5 (Popup, 5D, EV 61.9 MPH)
|
| Top of the 2nd over - 1 run, 2 hits, 0 errors, 2 left on base; Tulsa 1 - Colorado (EL) 0 |
| BOTTOM OF THE 2ND |
|
Colorado (EL) Rockies batting - Pitching for Tulsa Drillers : RHP Will Lane
|
|
Now in LF: Nick Getz
|
|
|
Batting: RHB Chris Osting
|
0-0: Called Strike 0-1: Ball 1-1: Ball 2-1: Swinging Strike 2-2: Foul Ball, location: 2F 2-2: Ground out 4-3 (Groundball, 4, EV 88.1 MPH)
|
|
Batting: LHB Iehohs Inatho
|
0-0: Foul Ball, location: 2F 0-1: Ball 1-1: Foul Ball, location: 2F 1-2: Ball 2-2: Strikes out swinging
|
|
Batting: RHB Ray Insley
|
0-0: Ball 1-0: Ball 2-0: Ball 3-0: Called Strike 3-1: Called Strike 3-2: Base on Balls
|
|
Batting: RHB Matviy Oliynyk
|
0-0: Ball 1-0: Called Strike 1-1: Foul Ball, location: 2F 1-2: Ball 2-2: Foul Ball, location: 2F 2-2: Ball 3-2: Ground out 5-3 (Groundball, 56, EV 80.6 MPH)
|
| Bottom of the 2nd over - 0 runs, 0 hits, 0 errors, 1 left on base; Tulsa 1 - Colorado (EL) 0 |
| TOP OF THE 3RD |
|
Tulsa Drillers batting - Pitching for Colorado (EL) Rockies : LHP Rafael Lozano
|
|
Batting: RHB Josh Crenwelge
|
0-0: Called Strike 0-1: Ground out 3-1 (Groundball, 34, EV 83.8 MPH)
|
|
Batting: SHB Nate Kopchak
|
0-0: Ball 1-0: Swinging Strike 1-1: Fly out, F9 (Flyball, 9LS, EV 81.2 MPH)
|
|
Batting: LHB Kevin Wiebe
|
0-0: Ball 1-0: Foul Ball, location: 2F 1-1: Foul Ball, location: 2F 1-2: Foul Ball, location: 2F 1-2: Foul Ball, location: 2F 1-2: Ground out 4-3 (Groundball, 4, EV 106.9 MPH)
|
| Top of the 3rd over - 0 runs, 0 hits, 0 errors, 0 left on base; Tulsa 1 - Colorado (EL) 0 |
| BOTTOM OF THE 3RD |
|
Colorado (EL) Rockies batting - Pitching for Tulsa Drillers : RHP Will Lane
|
|
Batting: RHB Chris Kinder
|
0-0: Called Strike 0-1: Ball 1-1: Fly out, F9 (Line Drive, 89M, EV 93.1 MPH)
|
|
Batting: RHB Juan Figueroa
|
0-0: Ball 1-0: Called Strike 1-1: Ground out 4-3 (Groundball, 4, EV 98.8 MPH)
|
|
Batting: LHB Nick Martin
|
0-0: Ball 1-0: Called Strike 1-1: Foul Ball, location: 2F 1-2: Strikes out swinging
|
| Bottom of the 3rd over - 0 runs, 0 hits, 0 errors, 0 left on base; Tulsa 1 - Colorado (EL) 0 |
| TOP OF THE 4TH |
|
Tulsa Drillers batting - Pitching for Colorado (EL) Rockies : LHP Rafael Lozano
|
|
Batting: LHB Chris Buchan
|
0-0: Ball 1-0: Foul Ball, location: 2F 1-1: SOLO HOME RUN (Flyball, 89XD, EV 100.0 MPH), Distance : 378 ft
|
|
Batting: RHB Nick Getz
|
0-0: Ball 1-0: Ball 2-0: Ball 3-0: Called Strike 3-1: Fly out, F8 (Flyball, 8RS, EV 95.0 MPH)
|
|
Batting: RHB Marcos Villalobos
|
0-0: Foul Ball, location: 2F 0-1: Swinging Strike 0-2: Strikes out swinging
|
|
Batting: RHB Aaron Burress
|
0-0: Called Strike 0-1: Swinging Strike 0-2: Ball 1-2: Foul Ball, location: 2F 1-2: Ground out 6-3 (Groundball, 6, EV 103.8 MPH)
|
| Top of the 4th over - 1 run, 1 hit, 0 errors, 0 left on base; Tulsa 2 - Colorado (EL) 0 |
| BOTTOM OF THE 4TH |
|
Colorado (EL) Rockies batting - Pitching for Tulsa Drillers : RHP Will Lane
|
|
Batting: RHB Doug D'Onofrio
|
0-0: Ball 1-0: Foul Ball, location: 2F 1-1: Foul Ball, location: 2F 1-2: Ground out 5-3 (Groundball, 56, EV 82.5 MPH)
|
|
Batting: LHB Paul McClintock
|
0-0: Called Strike 0-1: Called Strike 0-2: Ball 1-2: Ground out 1-3 (Groundball, 13S, EV 70.6 MPH)
|
|
Batting: RHB Chris Osting
|
0-0: Ball 1-0: Ball 2-0: Ball 3-0: Called Strike 3-1: Ground out 5-3 (Groundball, 56S, EV 87.5 MPH)
|
| Bottom of the 4th over - 0 runs, 0 hits, 0 errors, 0 left on base; Tulsa 2 - Colorado (EL) 0 |
| TOP OF THE 5TH |
|
Tulsa Drillers batting - Pitching for Colorado (EL) Rockies : LHP Rafael Lozano
|
|
Batting: RHB Tony Rivera
|
0-0: Ball 1-0: Called Strike 1-1: Ball 2-1: Swinging Strike 2-2: Foul Ball, location: 2F 2-2: Ball 3-2: Foul Ball, location: 2F 3-2: Base on Balls
|
|
Pitching: RHP Michael Conrad
|
|
|
Batting: RHB Kyle Garrett
|
0-0: Ball 1-0: Called Strike 1-1: Foul Ball, location: 2F 1-2: Ball 2-2: Ball 3-2: Foul Ball, location: 2F 3-2: Foul Ball, location: 2F 3-2: Base on Balls Tony Rivera to second
|
|
Batting: RHB Josh Crenwelge
|
0-0: Called Strike 0-1: Ball 1-1: Ball 2-1: Foul Ball, location: 2F 2-2: Ball 3-2: Foul Ball, location: 2F 3-2: Base on Balls Tony Rivera to third Kyle Garrett to second
|
|
Batting: SHB Nate Kopchak
|
0-0: Called Strike 0-1: Foul Ball, location: 2F 0-2: Foul Ball, location: 2F 0-2: Foul Ball, location: 2F 0-2: SINGLE (Groundball, 6D, EV 96.2 MPH) Tony Rivera scores Kyle Garrett to third Josh Crenwelge to second Runner from 3rd tries for Home, SAFE, throw by CF to home
|
|
Batting: LHB Kevin Wiebe
|
0-0: Swinging Strike 0-1: Foul Ball, location: 2F 0-2: Ball 1-2: Strikes out swinging
|
|
Batting: LHB Chris Buchan
|
0-0: Foul Ball, location: 2F 0-1: Foul Ball, location: 2F 0-2: Strikes out swinging
|
|
Batting: RHB Nick Getz
|
0-0: Called Strike 0-1: Ball 1-1: Ball 2-1: Ball 3-1: Base on Balls Josh Crenwelge to third Nate Kopchak to second
|
|
Batting: RHB Marcos Villalobos
|
0-0: Called Strike 0-1: Swinging Strike 0-2: Ball 1-2: DOUBLE (Flyball, 8RXD, EV 96.2 MPH) Josh Crenwelge scores Nate Kopchak scores Nick Getz to third Runner from 3rd tries for Home, SAFE, throw by CF to trailing runner, OUT at third! 8-3-5
|
| Top of the 5th over - 5 runs, 2 hits, 0 errors, 0 left on base; Tulsa 7 - Colorado (EL) 0 |
| BOTTOM OF THE 5TH |
|
Colorado (EL) Rockies batting - Pitching for Tulsa Drillers : RHP Will Lane
|
|
Batting: LHB Iehohs Inatho
|
0-0: Ball 1-0: Ball 2-0: Ball 3-0: Called Strike 3-1: Ground out 6-3 (Groundball, 6, EV 86.9 MPH)
|
|
Batting: RHB Ray Insley
|
0-0: Ball 1-0: Foul Ball, location: 2F 1-1: Ball 2-1: Ball 3-1: Swinging Strike 3-2: Foul Ball, location: 2F 3-2: Strikes out swinging
|
|
Batting: RHB Matviy Oliynyk
|
0-0: Ball 1-0: Called Strike 1-1: Swinging Strike 1-2: Fly out, F5 (Line Drive, 56, EV 72.5 MPH)
|
| Bottom of the 5th over - 0 runs, 0 hits, 0 errors, 0 left on base; Tulsa 7 - Colorado (EL) 0 |
| TOP OF THE 6TH |
|
Tulsa Drillers batting - Pitching for Colorado (EL) Rockies : RHP Michael Conrad
|
|
Pitching: RHP Manny Lebron
|
|
|
Batting: RHB Aaron Burress
|
0-0: Ball 1-0: Ball 2-0: Ball 3-0: Called Strike 3-1: Base on Balls
|
|
Batting: RHB Tony Rivera
|
0-0: Foul Ball, location: 2F 0-1: Fielders Choice at 2nd, 5-4 (Groundball, 56S, EV 90.0 MPH)
|
|
Batting: RHB Kyle Garrett
|
0-0: Called Strike 0-1: Called Strike 0-2: Fielders Choice at 2nd, 4-6 (Groundball, 34D, EV 106.9 MPH)
|
|
Batting: RHB Josh Crenwelge
|
0-0: Ground out 4-3 (Groundball, 4, EV 83.8 MPH)
|
| Top of the 6th over - 0 runs, 0 hits, 0 errors, 1 left on base; Tulsa 7 - Colorado (EL) 0 |
| BOTTOM OF THE 6TH |
|
Colorado (EL) Rockies batting - Pitching for Tulsa Drillers : RHP Will Lane
|
|
Batting: RHB Chris Kinder
|
0-0: Foul Ball, location: 2F 0-1: TRIPLE (Flyball, 89XD, EV 90.0 MPH)
|
|
Batting: RHB Juan Figueroa
|
0-0: Swinging Strike 0-1: Foul Ball, location: 2F 0-2: Foul Ball, location: 2F 0-2: Ball 1-2: DOUBLE (Flyball, 78D, EV 101.9 MPH) Chris Kinder scores
|
|
Batting: LHB Nick Martin
|
0-0: Called Strike 0-1: Ball 1-1: Called Strike 1-2: Ball 2-2: Foul Ball, location: 2F 2-2: Strikes out looking
|
|
Batting: RHB Doug D'Onofrio
|
0-0: Ball 1-0: Called Strike Juan Figueroa steals 3rd base 1-1: Ball 2-1: Swinging Strike 2-2: SINGLE (Groundball, 25, EV 61.2 MPH) (infield hit)
|
|
Batting: LHB Paul McClintock
|
0-0: Foul Ball, location: 2F 0-1: Ball 1-1: Ball 2-1: SINGLE (Line Drive, 8LS, EV 95.6 MPH) Juan Figueroa scores Doug D'Onofrio to second Runner from 2nd tries for 3rd, OUT! 8-5
|
|
Batting: RHB Chris Osting
|
0-0: Foul Ball, location: 2F 0-1: Ball 1-1: 2-RUN HOME RUN (Flyball, 78XD, EV 98.1 MPH), Distance : 398 ft
|
|
Batting: LHB Iehohs Inatho
|
0-0: Ball 1-0: Fly out, F8 (Flyball, 8RD, EV 103.8 MPH)
|
| Bottom of the 6th over - 4 runs, 5 hits, 0 errors, 0 left on base; Tulsa 7 - Colorado (EL) 4 |
| TOP OF THE 7TH |
|
Tulsa Drillers batting - Pitching for Colorado (EL) Rockies : RHP Manny Lebron
|
|
Batting: SHB Nate Kopchak
|
0-0: Called Strike 0-1: Ball 1-1: Fly out, F8 (Flyball, 78D, EV 108.8 MPH)
|
|
Batting: LHB Kevin Wiebe
|
0-0: Ball 1-0: Foul Ball, location: 2F 1-1: Ball 2-1: Ball 3-1: Swinging Strike 3-2: Ground out 4-3 (Groundball, 34D, EV 108.8 MPH)
|
|
Batting: LHB Chris Buchan
|
0-0: Ball 1-0: Swinging Strike 1-1: Called Strike 1-2: SINGLE (Line Drive, 7S, EV 90.0 MPH)
|
|
Batting: RHB Nick Getz
|
0-0: Ball 1-0: SINGLE (Groundball, 34D, EV 105.6 MPH) (infield hit) Chris Buchan to second
|
|
Batting: RHB Marcos Villalobos
|
0-0: Called Strike 0-1: Fielders Choice at 2nd, 5-4 (Groundball, 5, EV 87.5 MPH)
|
| Top of the 7th over - 0 runs, 2 hits, 0 errors, 2 left on base; Tulsa 7 - Colorado (EL) 4 |
| BOTTOM OF THE 7TH |
|
Colorado (EL) Rockies batting - Pitching for Tulsa Drillers : RHP Will Lane
|
|
Batting: RHB Ray Insley
|
0-0: Ball 1-0: Foul Ball, location: 2F 1-1: Ball 2-1: Ball 3-1: Foul Ball, location: 2F 3-2: Strikes out swinging
|
|
Batting: RHB Matviy Oliynyk
|
0-0: Ground out 6-3 (Groundball, 6, EV 86.2 MPH)
|
|
Batting: RHB Chris Kinder
|
0-0: Called Strike 0-1: Swinging Strike 0-2: Ball 1-2: Ball 2-2: SINGLE (Line Drive, 7S, EV 90.0 MPH)
|
|
Pitching: RHP Jeff Coates
|
|
|
Batting: RHB Juan Figueroa
|
0-0: Ball 1-0: Ball 2-0: Ball 3-0: Called Strike 3-1: Ground out 6-3 (Groundball, 6S, EV 68.8 MPH)
|
| Bottom of the 7th over - 0 runs, 1 hit, 0 errors, 1 left on base; Tulsa 7 - Colorado (EL) 4 |
| TOP OF THE 8TH |
|
Tulsa Drillers batting - Pitching for Colorado (EL) Rockies : RHP Manny Lebron
|
|
Batting: RHB Aaron Burress
|
0-0: Ball 1-0: Ground out 5-3 (Groundball, 56S, EV 83.8 MPH)
|
|
Batting: RHB Tony Rivera
|
0-0: Foul Ball, location: 2F 0-1: Called Strike 0-2: Ball 1-2: Ground out 4-3 (Groundball, 4M, EV 106.2 MPH)
|
|
Batting: RHB Kyle Garrett
|
0-0: Ball 1-0: Ball 2-0: Fly out, F7 (Flyball, 78S, EV 81.9 MPH)
|
| Top of the 8th over - 0 runs, 0 hits, 0 errors, 0 left on base; Tulsa 7 - Colorado (EL) 4 |
| BOTTOM OF THE 8TH |
|
Colorado (EL) Rockies batting - Pitching for Tulsa Drillers : RHP Jeff Coates
|
|
Batting: LHB Nick Martin
|
0-0: Called Strike 0-1: Ball 1-1: SINGLE (Line Drive, 7S, EV 94.4 MPH)
|
|
Batting: RHB Doug D'Onofrio
|
0-0: Ball 1-0: Fly out, F8 (Flyball, 8RM, EV 90.6 MPH)
|
|
Batting: LHB Paul McClintock
|
0-0: Ball 1-0: Foul Ball, location: 2F 1-1: Ball 2-1: Ball 3-1: Called Strike 3-2: Grounds into double play, 4-6-3 (Groundball, 4M, EV 86.2 MPH)
|
| Bottom of the 8th over - 0 runs, 1 hit, 0 errors, 0 left on base; Tulsa 7 - Colorado (EL) 4 |
| TOP OF THE 9TH |
|
Tulsa Drillers batting - Pitching for Colorado (EL) Rockies : RHP Manny Lebron
|
|
Pitching: RHP Befikadu Mthuthuzeli
|
|
|
Batting: RHB Josh Crenwelge
|
0-0: Foul Ball, location: 2F 0-1: Ball 1-1: Foul Ball, location: 2F 1-2: Fly out, F8 (Flyball, 8LD, EV 98.8 MPH)
|
|
Batting: SHB Nate Kopchak
|
0-0: Called Strike 0-1: Ball 1-1: Ground out 5-3 (Groundball, 5, EV 90.6 MPH)
|
|
Batting: LHB Kevin Wiebe
|
0-0: Called Strike 0-1: Called Strike 0-2: Ball 1-2: Ground out 1-3 (Groundball, 15, EV 68.1 MPH)
|
| Top of the 9th over - 0 runs, 0 hits, 0 errors, 0 left on base; Tulsa 7 - Colorado (EL) 4 |
| BOTTOM OF THE 9TH |
|
Colorado (EL) Rockies batting - Pitching for Tulsa Drillers : RHP Jeff Coates
|
|
Pitching: RHP Etsuji Kawasaki
|
|
|
Batting: RHB Chris Osting
|
0-0: Swinging Strike 0-1: Swinging Strike 0-2: Ball 1-2: Strikes out swinging
|
|
Batting: LHB Iehohs Inatho
|
0-0: Called Strike 0-1: Ball 1-1: Called Strike 1-2: Strikes out swinging
|
|
Batting: RHB Ray Insley
|
0-0: Ball 1-0: Ball 2-0: Ball 3-0: Base on Balls
|
|
Batting: RHB Matviy Oliynyk
|
0-0: Ball 1-0: Called Strike 1-1: Foul Ball, location: 2F 1-2: Foul Ball, location: 2F 1-2: Strikes out swinging
|
| Bottom of the 9th over - 0 runs, 0 hits, 0 errors, 1 left on base; Tulsa 7 - Colorado (EL) 4 |
|